 Dungeon Crawl Stone Soup version 0.26-a0-540-g8a0c9464d7 (webtiles) character file.

Game seed: 14959235136236178315

3 Gorglomux the Sneak (level 1, -4/19 HPs)
             Began as a Palentonga Delver on Aug 21, 2020.
             Killed by divine providence
             ... invoked by an orc priest
              (14 damage)
             ... on level 4 of the Dungeon.
             The game lasted 00:00:43 (44 turns).

Gorglomux the Sneak (Palentonga Delver)               Turns: 44, Time: 00:00:44

Health: -4/19      AC:  4    Str: 15    XL:     1   Next: 41%
Magic:  1/1        EV:  9    Int: 10    God:
Gold:   0          SH:  0    Dex: 11    Spells: 0/0 levels left

rFire    . . .     SeeInvis +   a - +0 short sword
rCold    . . .     Faith    .   (no shield)
rNeg     . . .     Spirit   .   b - +0 leather armour
rPois    .         Reflect  .   (no helmet)
rElec    .         Harm     .   (no cloak)
rCorr    .                      (no gloves)
MR       .....                  (boots restricted)
Stlth    ++........             (no amulet)
HPRegen  0.06/turn              (no ring)
MPRegen  0.07/turn              (no ring)

@: no status effects
A: large, rugged brown scales 3, see invisible, deformed body, roll, armoured
tail
a: Rolling Charge


You were on level 4 of the Dungeon.
You visited 1 branch of the dungeon, and saw 2 of its levels.

Inventory:

Hand Weapons
 a - a +0 short sword (weapon)
Armour
 b - a +0 leather armour (worn)
Wands
 D - a wand of digging (3)
Scrolls
 c - a scroll of fog
 M - a scroll of magic mapping
Potions
 H - a potion of haste


   Skills:
 + Level 3.1 Fighting
 + Level 2.1 Short Blades
 - Level 1.5 Dodging
 - Level 3.3 Stealth


You couldn't memorise any spells.
You didn't know any spells.
Your spell library was empty.

Dungeon Overview and Level Annotations

Branches:
Dungeon (5/15)
 Temple: D:4-7

Altars:


Innate Abilities, Weirdness & Mutations

You are completely covered in rugged brown scales. (AC +3, +7% HP)
You have supernaturally acute eyesight. (SInv)
Armour fits poorly on your strangely shaped body.
You can roll at foes to attack.
You have a long armoured tail.


Message History

Welcome, Gorglomux the Palentonga Delver.
Will you be the one to retrieve the legendary Orb of Zot from the depths?
Press ? for a list of commands and other information.
Found a stone staircase leading down.
There is a stone staircase leading down here.
A quokka comes into view.
You barely miss the quokka. You tail-slap the quokka.
You kill the quokka!
No target in view!
No target in view!
Found a stone staircase leading up.
There's nothing to close nearby.
You can't go up here!
Unknown command.
There is a stone staircase leading up here.
You climb upwards.
You hear the sound of rushing water.
There is an entrance to a sewer on this level.
Hurry and find it before the portal rusts away!
A hound and an orc come into view.
Found a chain mail.
Found a stone staircase leading up.
There is a stone staircase leading down here.
An orc comes into view. It is wielding a +0 club.
There is a stone staircase leading up here.
Press: ? - help, Dir - move target cursor, f - orc
Aim: an orc, wielding a +0 club (asleep)
You roll forward with a clatter of scales!
The orc shouts!
You puncture the orc!
You kill the orc!
You hear a shout! x4
The orc closely misses you.
An orc comes into view. It is wielding a +0 club.
The hound closely misses you.
You hit the hound but do no damage. The hound closely misses you.
You barely miss the hound. The hound bites you.
An orc comes into view.
The hound bites you.
As you read the scroll of fear, it crumbles to dust.
You assume a fearsome visage.
The hound looks frightened!
The orc looks frightened! x3
An orc priest comes into view. It is wielding a +0 club.
The orc priest shouts!
The orc priest mumbles some strange prayers to Beogh against you.
Beogh smites you!
Ouch! That really hurt!
You die...

##.# ####.....
#..o..... #.# #
###.##[#
#.<@.o.#
#.#>#).#
#.......h.o....
#####.#o#.##....
#.....# ...
###.#.. ..
#.#.#. . #.#....
#.# ##


You could see a hound (fleeing), an orc priest and 2 orcs.

Vanquished Creatures
  An orc (D:4)
  A quokka (D:5)
2 creatures vanquished.

Notes
Turn   | Place    | Note
-------+----------+-------------------------------------------
     0 | D:5      | Gorglomux the Palentonga Delver began the quest for the
                  | Orb.
     0 | D:5      | Reached XP level 1. HP: 19/19 MP: 1/1
    35 | D:4      | Noticed a hound
    43 | D:4      | Noticed an orc priest
    44 | D:4      | Killed from afar by an orc priest

Illustrated notes

Levels and vault maps discovered:
D:4:      layout_loops_ring, minmay_temple_entry_mini_moons,
          portal_sewer_entry_c, eino_small_chamber_without_monster,
          minivault_27, nemelex_diamond_rough_becter, uniq_blork_the_orc,
          uniq_eustachio, uniq_duvessa
D:5:      layout_loops_ring, uniq_grinder, uniq_menkaure

Action                   || total
-------------------------++-------
Melee: Short sword       ||     4
       Tailslap          ||     1
 Abil: Rolling Charge    ||     1
  Use: Scroll            ||     1
Dodge: Dodged            ||     3

Table legend: (Time is in decaauts)
 A = Elapsed time spent in this place.
 B = Non-inter-level travel time spent in this place.
 C = Inter-level travel time spent in this place.
 D = Time resting spent in this place.
 E = Time spent auto-exploring this place.
 F = Levels seen in this place.
 G = Mean time per level.
                   A        B        C        D        E       F      G
               +--------+--------+--------+--------+--------+-----+--------+
         Total |     43 |     39 |      4 |      0 |     19 |   2 |   21.5 |
       Dungeon |     43 |     39 |      4 |      0 |     19 |   2 |   21.5 |
               +--------+--------+--------+--------+--------+-----+--------+

Top non-repeatable levels by time:
     D:5: 35 daAuts
     D:4: 8 daAuts
